 Dungeon Crawl Stone Soup version 0.19-b1-4-gd8a0a2a (webtiles) character file.

285 Gorglomux the Slasher (level 6, -5/44 HPs)
             Began as a Merfolk Gladiator on Oct 30, 2016.
             Slain by Grinder (10 damage)
             ... on level 3 of the Dungeon.
             The game lasted 00:04:38 (2532 turns).

Gorglomux the Slasher (Merfolk Gladiator)           Turns: 2532, Time: 00:04:39

Health: -5/44      AC:  6    Str: 19    XL:     6   Next: 29%
Magic:  6/6        EV: 13    Int:  8    God:
Gold:   135        SH:  0    Dex: 14    Spells: 0 memorised, 5 levels left

rFire  . . .     SeeInvis .     a - +0 long sword
rCold  . . .     Gourm    .     b - +0 leather armour
rNeg   . . .     Faith    .     (no shield)
rPois  .         Spirit   .     c - +1 helmet
rElec  .         Reflect  .     (no cloak)
rCorr  .         Harm     .     k - +0 pair of gloves
MR     .....                    (no boots)
Stlth  ..........               (no amulet)
                                r - +2 ring of strength
                                q - ring of loudness (curse)

@: no status effects
A: change form in water, swift swim, stealthy swim
a: no special abilities


You were on level 3 of the Dungeon.
You were not hungry.

You visited 1 branch of the dungeon, and saw 3 of its levels.

You collected 135 gold pieces.

Inventory:

Hand Weapons
 a - a +0 long sword (weapon)
Missiles
 d - 3 throwing nets (quivered)
Armour
 b - a +0 leather armour (worn)
 c - a +1 helmet (worn)
 k - a +0 pair of gloves (worn)
Jewellery
 q - a cursed ring of loudness (left hand)
 r - a +2 ring of strength (right hand)
 s - an uncursed ring of positive energy
Wands
 m - a wand of polymorph (5/24)
Scrolls
 e - 2 scrolls of fog {unknown}
 g - a scroll of teleportation
 h - a scroll of random uselessness {unknown}
 i - a scroll of enchant armour
 l - a scroll of noise {unknown}
 o - a scroll of recharging {unknown}
 p - a scroll of fear {unknown}
 t - a scroll of amnesia {unknown}
Potions
 j - a potion of mutation {unknown}
Comestibles
 f - a bread ration
 n - a slice of pizza


   Skills:
 - Level 2.1 Fighting
 + Level 7.5 Long Blades
 - Level 2.0 Throwing
 - Level 4.0 Dodging


You had 5 spell levels left.
You didn't know any spells.

Dungeon Overview and Level Annotations

Branches:
Dungeon (3/15)

Altars:
Makhleb

Annotations:
D:3 1 runed door, Grinder


Message History

Grinder gestures at you.
You suddenly lose the ability to move!
Grinder hits you.
* * * LOW HITPOINT WARNING * * *
You writhe in agony.
* * * LOW HITPOINT WARNING * * *
Grinder hits you.
* * * LOW HITPOINT WARNING * * *
You can move again.
You slash Grinder!
Grinder is almost dead.
Grinder hits you.
* * * LOW HITPOINT WARNING * * *
You barely miss Grinder.
Grinder is almost dead.
Grinder barely misses you.
You barely miss Grinder.
Grinder is almost dead.
Grinder hits you!
You die...

#.<........##.#.#
#........
###########.##.#<#
#.#######
#.....#####.##.#.# #.#
##..........##.#.# #.#
#.##.#####.##.#.# #.# #
#.##.#####.##)#.#####.#
#
#.##...........(......#
##
#.##............#######
)# ##.###.####..@5..#
## #...........##..##
)# #####..........## )#
#.....########## .#
#.##### .###.# .....#
.##### ##


You could see Grinder.

Vanquished Creatures
  The ghost of Galewind the Conjurer, an amateur DECj (D:3)
  A howler monkey (D:3)
  Jessica (D:2)
  Ijyb (D:2)
  Robin (D:3)
  A gnoll (D:1)
  4 adders
  A worm (D:3)
  3 dart slugs
  3 orcs (D:3)
  8 hobgoblins
  2 jackals (D:1)
  A quokka (D:2)
  9 bats
  2 frilled lizards (D:3)
  11 goblins
  10 kobolds
  6 rats
66 creatures vanquished.

Notes
Turn   | Place    | Note
-------+----------+-------------------------------------------
     0 | D:1      | Gorglomux the Merfolk Gladiator began the quest for the Orb.
     0 | D:1      | Reached XP level 1. HP: 16/16 MP: 1/1
    65 | D:1      | Reached XP level 2. HP: 19/22 MP: 2/2
   116 | D:1      | Reached skill level 4 in Long Blades
   412 | D:1      | Reached XP level 3. HP: 27/27 MP: 3/3
   921 | D:2      | Noticed Jessica
   938 | D:2      | Killed Jessica
   938 | D:2      | Reached skill level 5 in Long Blades
   938 | D:2      | Reached XP level 4. HP: 25/33 MP: 4/4
  1140 | D:2      | Found a burning altar of Makhleb.
  1369 | D:2      | Noticed Ijyb
  1391 | D:2      | Killed Ijyb
  1657 | D:3      | Reached skill level 6 in Long Blades
  1657 | D:3      | Reached XP level 5. HP: 33/38 MP: 5/5
  1673 | D:3      | Noticed Robin
  1719 | D:3      | Killed Robin
  2183 | D:3      | Reached skill level 7 in Long Blades
  2193 | D:3      | Found a faded altar of an unknown god.
  2254 | D:3      | Noticed Galewind's ghost (amateur DECj)
  2267 | D:3      | Killed Galewind's ghost
  2267 | D:3      | Reached XP level 6. HP: 17/44 MP: 6/6
  2491 | D:3      | Found a runed door.
  2515 | D:3      | Noticed Grinder
  2527 | D:3      | Paralysed by Grinder for 3 turns
  2532 | D:3      | Slain by Grinder

Skill      XL: |  1  2  3  4  5 |
---------------+----------------+-----
Long Blades    | 4 5 6 7 |  7.5
Fighting       | |  2.1
Throwing       | |  2.0
Dodging        | |  4.0

Action                   |  1- 3 |  4- 6 || total
-------------------------+-------+-------++-------
Melee: Long sword        |    77 |   133 ||   210
       Unarmed           |       |    12 ||    12
  Use: Scroll            |       |     2 ||     2
       Potion            |       |     1 ||     1
 Stab: Invisible         |       |     5 ||     5
  Eat: Chunk             |       |     6 ||     6
Armor: Leather armour    |    29 |    43 ||    72
       Skin              |       |     1 ||     1
Dodge: Dodged            |    68 |    78 ||   146
       Rpst.: Long sword |    27 |    25 ||    52
